AoeStats
← Striker081488

Arena

509456366Analyzed
1v1 RM · 5d ago on Sep 26, 2026· 64m 22s· 2 players
Game mode
Random Map
Map size
Tiny (2 player)
Population
200
Speed
Normal
Resources
Standard
Victory
Conquest
Starting age
Dark Age
Ending age
Imperial Age
RankedLock teamsTeams togetherTeam positionsShared explorationLock speedFull tech treeHidden civsTurbo modeCheats
Victory
Defeat
🇹🇷 Romans · Türkiye
435
+17
🇧🇷 Franks · Brazil
463
-17
KADIOGLU
0:28 Loom
12:06 Feudal Age
14:03 Wheelbarrow
14:43 Town Watch
14:51 Double-Bit Axe
15:01 Horse Collar
18:50 Gold Mining
18:53 Stone Mining
22:52 Castle Age
23:12 Forging
23:02 Scale Mail Armor
23:39 Heavy Plow
24:22 Bow Saw
26:04 Gold Shaft Mining
27:14 Hand Cart
29:20 Town Patrol
32:01 Iron Casting
31:41 Chain Mail Armor
30:54 Man-at-Arms
33:21 Masonry
33:22 Fortified Wall
33:33 Ballistics
34:59 Murder Holes
34:54 Guard Tower
35:33 Long Swordsman
36:14 Squires
35:35 Pikeman
42:31 Imperial Age
42:42 Heavy Scorpion
42:46 Capped Ram
42:49 Halberdier
42:51 Legionary
43:58 Ballistas
44:16 Conscription
43:29 Sappers
46:37 Comitatenses
46:31 Siege Ram
51:55 Guilds
Striker081488
9:47 Feudal Age
10:34 Double-Bit Axe
12:16 Wheelbarrow
13:41 Gold Mining
15:45 Man-at-Arms
22:22 Castle Age
23:13 Bow Saw
23:31 Hand Cart
24:40 Husbandry
24:01 Light Cavalry
25:00 Hand Cart
25:36 Gold Shaft Mining
24:57 Stone Mining
26:40 Crossbowman
35:25 Imperial Age
35:31 Imperial Age
32:42 Elite Skirmisher
34:30 Forging
34:20 Scale Mail Armor
34:25 Scale Barding Armor
34:10 Fletching
34:21 Padded Archer Armor
34:37 Pikeman
34:42 Long Swordsman
34:43 Pikeman
36:35 Cavalier
38:25 Iron Casting
38:05 Chain Mail Armor
38:10 Chain Barding Armor
37:46 Bodkin Arrow
38:06 Leather Archer Armor
38:31 Coinage
38:18 Two-Handed Swordsman
39:51 Banking
40:04 Paladin
40:16 Champion
40:25 Halberdier
41:19 Cranequins
43:10 Chemistry
44:59 Blast Furnace
44:30 Plate Mail Armor
44:35 Plate Barding Armor
46:38 Chivalry
46:03 Ordonnance Companies
Connection lost

Rejoining the realm…

Still unreachable

The connection could not be restored.

Session expired

The server has moved on; the page needs a fresh start.